Map: King's Cove LE

Players

MRkc - Winner!

  • Race: Protoss Protoss
  • League: Silver
  • Spawn Location: 5:00

TiPtOP

  • Race: Terran Terran
  • League: Silver
  • Spawn Location: 11:00

VOD

Have the link to the VOD?

Description

Time

  • Played on: May 12, 2019, 9 p.m.
  • Length: 13:06
Show
View Real Time Build Order
Export as new Build Order

MRkc Protoss - Winner!

Build Orders:  

Get SALT Encoding   

  12  0:01  Probe  
  13  0:13  Probe  
  14  0:21  Pylon  
  14  0:25  Probe  
  15  0:39  Gateway  
  15  0:43  Probe  
  16  0:52  Assimilator  
  16  0:53  Probe  
  17  1:01  Probe  
  18  1:11  Pylon  
  18  1:24  Pylon  
  18  1:27  Probe  
  18  1:30  Cybernetics Core  
  19  1:46  Probe  
  20  1:56  Assimilator  
  20  1:57  Adept  
  20  1:59  Warp Gate  
  21  2:21  Probe  
  22  2:22  Nexus  
  22  2:33  Probe  
  22  2:35  Adept  
  25  2:45  Probe  
  25  2:50  Robotics Facility  
  26  2:57  Probe  
  27  3:09  Probe  
  27  3:11  Adept  
  30  3:27  Probe  
  30  3:31  Twilight Council  
  31  3:39  Probe, Observer  
  31  4:11  Probe  
  31  4:14  Probe  
  33  4:17  Adept  
  33  4:24  Probe, Gateway  
  36  4:25  Immortal  
  36  4:26  Gateway  
  36  4:27  Probe, Resonating Glaives  
  36  4:28  Gateway  
  41  4:38  Probe  
  42  4:52  Pylon  
  42  4:54  Probe x2  
  44  5:12  Robotics Bay  
  44  5:23  Adept x2  
  44  5:24  Adept x2  
  53  5:28  Probe x2  
  54  5:43  Pylon  
  54  5:45  Pylon  
  54  5:47  Pylon  
  54  6:03  Adept  
  54  6:04  Adept x3, Colossus  
  64  6:44  Extended Thermal Lance  
  64  6:49  Stalker x4  
  72  7:01  Colossus  
  72  7:10  Nexus  
  78  7:30  Pylon  
  78  7:32  Pylon  
  78  7:34  Pylon  
  78  7:37  Observer  
  78  7:45  Assimilator  
  78  7:47  Assimilator  
  78  7:51  Pylon  
  78  7:52  Zealot x4, Pylon  
  78  7:58  Colossus  
  92  8:13  Adept  
  92  8:14  Adept x3  
  92  8:15  Probe  
  92  8:16  Probe  
  92  8:19  Observer  
  102  8:23  Probe  
  102  8:24  Probe  
  102  8:33  Probe x2  
  106  8:45  Probe x2  
  108  8:51  Colossus  
  108  8:52  Zealot  
  108  8:53  Zealot x3  
  116  8:57  Probe x2  
  124  9:06  Probe  
  125  9:30  Stalker x2  
  125  9:31  Stalker x2  
  133  9:55  Pylon  
  133  9:56  Pylon  
  133  9:57  Pylon x2  
  133  10:02  Warp Prism  
  135  10:17  Probe  
  136  10:25  Probe  
  137  10:28  Probe  
  137  10:29  Probe  
  137  10:32  Nexus  
  139  10:35  Stalker  
  139  10:36  Stalker x3  
  139  10:37  Probe  
  148  10:52  Gateway  
  148  10:56  Gateway  
  148  10:59  Gateway  
  148  11:00  Pylon  
  148  11:01  Blink  
  148  11:02  Stalker x4  
  156  11:26  Stalker x2  
  156  11:27  Stalker x2  
  136  12:22  Stalker x3  
  138  12:23  Stalker  
Show
View Real Time Build Order
Export as new Build Order

TiPtOP Terran 

Build Orders:  

Get SALT Encoding   

  12  0:00  SCV  
  13  0:13  SCV  
  14  0:20  Supply Depot  
  14  0:25  SCV  
  15  0:42  SCV  
  16  0:46  Barracks  
  16  0:54  SCV  
  17  0:57  Refinery  
  17  1:10  SCV  
  18  1:23  SCV  
  19  1:27  Barracks  
  19  1:38  Marine  
  20  2:02  Marine  
  21  2:25  Barracks Tech Lab  
  22  2:35  Command Center  
  21  2:44  Barracks Reactor  
  21  2:56  SCV  
  22  3:02  Stimpack  
  22  3:03  Marine  
  23  3:10  SCV  
  23  3:15  Supply Depot  
  23  3:22  Marine  
  23  3:36  Marine x2  
  23  3:40  Barracks  
  25  3:42  Factory  
  23  4:10  Marine x2  
  23  4:11  Marine  
  26  4:29  Marine x2  
  26  4:30  Marine  
  30  4:34  Barracks Reactor  
  29  4:44  Supply Depot  
  29  4:47  Supply Depot  
  29  4:49  Factory Reactor  
  29  4:50  Marine, Starport  
  29  4:51  Marine  
  31  5:06  Marine  
  32  5:08  Marine x2  
  32  5:12  Refinery, SCV  
  35  5:16  SCV  
  36  5:22  Marine x2  
  36  5:23  Marine  
  36  5:24  SCV  
  36  5:26  Marine  
  36  5:28  SCV  
  42  5:31  Supply Depot  
  42  5:46  Factory Tech Lab  
  42  5:49  Engineering Bay  
  42  5:59  Medivac x2  
  46  6:06  Marine x2  
  48  6:11  Supply Depot  
  42  6:40  SCV  
  42  6:43  Orbital Command  
  42  6:45  Marine  
  42  6:46  Marine x4  
  48  6:57  SCV  
  49  7:10  SCV  
  50  7:32  Terran Infantry Weapons Level 1  
  50  7:34  Combat Shield  
  50  7:37  SCV  
  51  7:47  Siege Tank  
  51  7:49  SCV  
  55  7:52  SCV  
  56  8:01  SCV  
  56  8:03  Medivac x2  
  61  8:14  Marine x5  
  66  8:20  SCV  
  66  8:21  Supply Depot  
  66  8:23  SCV  
  68  8:30  Liberator  
  68  8:32  SCV  
  69  8:42  Marine x4  
  69  8:44  Marine, Supply Depot  
  77  8:57  Widow Mine  
  79  9:10  Refinery  
  79  9:12  Marine x4  
  79  9:13  Marine  
  84  9:18  Widow Mine  
  86  9:27  Missile Turret x2  
  86  9:29  Missile Turret  
  86  9:56  Missile Turret  
  85  10:01  Missile Turret  
  85  10:35  SCV  
  85  10:36  SCV  
  87  10:46  Marine x5  
  87  10:49  Terran Infantry Armor Level 1  
  92  10:55  Armory  
  92  11:00  Starport  
  92  11:04  Marine x2  
  92  11:06  Missile Turret  
  94  11:14  Supply Depot  
  94  11:19  Supply Depot  
  94  11:36  Siege Tank, SCV, Marine  
  99  11:48  SCV  
  93  12:08  Siege Tank  
  47  12:27  Marine x2  
  47  12:28  Marine x2  
  24  12:45  Marine x2  
  24  12:46  Marine  
Tags
 
Add a new tag
Caveats
  • Supply blocks, unpowered buildings, or Contaminate may cause inaccurate times.
  • Supply counts are checked every 10 seconds.